AoeStats
← tobinho_125

Fortress

507804548Analyzed
4v4 RM · 12d ago on Sep 19, 2026· 47m 3s· 8 players
Game mode
Random Map
Map size
Huge
Population
200
Speed
Normal
Resources
Standard
Victory
Conquest
Starting age
Dark Age
Ending age
Imperial Age
RankedLock teamsTeams togetherTeam positionsShared explorationLock speedFull tech treeHidden civsTurbo modeCheats
Victory
Defeat
🇺🇸 Romans · United States
1343
+3
🇺🇸 Persians · United States
952
+14
🇨🇦 Spanish · Canada
940
+14
🇺🇸 Britons · United States
836
+19
🇩🇪 Franks · Germany
961
-14
🇩🇪 Jurchens · Germany
932
-12
🇳🇴 Bengalis · Norway
929
-13
🇩🇪 Vietnamese · Germany
909
-11
Zack! Bonani!
5:00 Loom
8:36 Feudal Age
9:04 Double-Bit Axe
15:05 Castle Age
12:59 Gold Mining
14:51 Wheelbarrow
22:46 Imperial Age
21:16 Bow Saw
22:35 Hand Cart
24:28 Chemistry
23:56 Pikeman
24:36 Squires
24:35 Fletching
24:57 Forging
29:05 Gold Shaft Mining
37:13 Bodkin Arrow
40:26 Conscription
39:45 Halberdier
44:42 Fortified Wall
46:02 Ballistics
45:40 Murder Holes
46:07 Ballistics
tobinho_125
8:55 Feudal Age
7:14 Loom
13:40 Castle Age
11:30 Double-Bit Axe
11:43 Horse Collar
24:07 Heavy Plow
24:20 Bow Saw
25:08 Wheelbarrow
25:01 Town Watch
26:34 Padded Archer Armor
26:42 Scale Barding Armor
27:50 Caravan
32:14 Imperial Age
30:07 Scale Mail Armor
30:18 Forging
31:19 Hand Cart
31:04 Town Patrol
31:18 Gold Mining
31:20 Stone Mining
33:04 Chain Mail Armor
33:24 Iron Casting
33:05 Leather Archer Armor
32:40 Fletching
34:52 Conscription
36:02 Two-Man Saw
35:12 Pikeman
36:14 Chain Barding Armor
36:34 Gold Shaft Mining
36:35 Stone Shaft Mining
36:14 Elite Iron Pagoda
37:39 Elite Fire Lancer
37:40 Halberdier
37:40 Man-at-Arms
38:54 Ring Archer Armor
38:19 Bodkin Arrow
39:00 Plate Barding Armor
39:25 Blast Furnace
38:50 Ballistics
38:26 Murder Holes
39:38 Chemistry
38:39 Murder Holes
42:26 Heavy Rocket Cart
Cramgee
8:53 Feudal Age
10:10 Double-Bit Axe
12:12 Horse Collar
14:47 Castle Age
13:00 Fletching
14:59 Wheelbarrow
17:25 Ballistics
17:27 Town Watch
18:15 Hand Cart
19:15 Crossbowman
20:41 Bow Saw
20:58 Gold Mining
22:20 Bodkin Arrow
23:20 Padded Archer Armor
26:14 Thumb Ring
27:10 Heavy Plow
27:26 Fortified Wall
28:22 Leather Archer Armor
36:25 Imperial Age
34:41 Chatras
38:38 Arbalester
39:22 Bracer
39:53 Ring Archer Armor
44:51 Paper Money
46:06 Elite Skirmisher
The_Snowflake
5:09 Loom
9:42 Feudal Age
15:29 Castle Age
13:24 Fletching
13:34 Padded Archer Armor
16:05 Bodkin Arrow
16:26 Leather Archer Armor
17:35 Horse Collar
17:57 Double-Bit Axe
25:48 Ballistics
33:32 Wheelbarrow
35:31 Imperial Age
33:38 Wheelbarrow
32:49 Town Watch
36:19 Murder Holes
37:25 Chemistry
39:09 Bracer
39:39 Ring Archer Armor
40:36 Masonry
41:46 Pikeman
42:27 Squires
44:04 Scale Mail Armor
44:15 Forging
SgtSpookjohnson
9:42 Feudal Age
12:15 Loom
12:48 Double-Bit Axe
15:08 Castle Age
20:56 Horse Collar
21:29 Bow Saw
21:18 Gold Mining
26:10 Caravan
27:18 Wheelbarrow
29:08 Heavy Plow
32:12 Imperial Age
30:59 Scale Barding Armor
31:08 Bloodlines
32:06 Chain Barding Armor
31:57 Forging
32:16 Hand Cart
32:20 Cavalier
33:40 Plate Barding Armor
33:32 Conscription
35:38 Iron Casting
35:18 Paladin
39:13 Husbandry
38:39 Light Cavalry
44:32 Blast Furnace
Sweet Negative
4:48 Loom
6:34 Feudal Age
7:02 Double-Bit Axe
7:00 Horse Collar
11:37 Gold Mining
16:00 Castle Age
15:33 Loom
19:17 Wheelbarrow
22:29 Heavy Plow
23:02 Bow Saw
24:57 Pikeman
25:38 Squires
25:32 Fletching
25:55 Forging
26:31 Caravan
27:13 Padded Archer Armor
28:48 Ballistics
31:35 Imperial Age
30:51 Bodkin Arrow
35:38 Iron Casting
35:04 Bracer
36:42 Yeomen
37:09 Elite Longbowman
39:20 Murder Holes
40:27 Chemistry
41:18 Warwolf
42:47 Halberdier
REALMorphzilla
0:28 Loom
8:39 Feudal Age
9:17 Double-Bit Axe
9:16 Horse Collar
9:32 Gold Mining
10:24 Wheelbarrow
12:24 Town Watch
16:14 Castle Age
14:07 Stone Mining
14:19 Fletching
16:58 Bow Saw
17:31 Heavy Plow
18:36 Hand Cart
23:55 Caravan
32:56 Imperial Age
31:26 Gold Shaft Mining
31:27 Stone Shaft Mining
30:18 Pikeman
30:59 Squires
31:48 Forging
31:44 Scale Barding Armor
32:13 Bloodlines
32:04 Husbandry
32:55 Cavalier
35:03 Two-Man Saw
34:47 Crop Rotation
34:37 Savar
35:58 Iron Casting
35:52 Chain Barding Armor
36:01 Elite Skirmisher
38:04 Blast Furnace
37:40 Plate Barding Armor
37:01 Bodkin Arrow
37:07 Padded Archer Armor
37:07 Scale Mail Armor
39:38 Chemistry
39:11 Masonry
39:22 Ballistics
38:58 Murder Holes
42:59 Leather Archer Armor
43:01 Chain Mail Armor
47:42 Ring Archer Armor
47:43 Plate Mail Armor
47:27 Citadels
46:41 Spies/Treason
47:35 Citadels
48:04 Architecture
47:25 Heated Shot
47:40 Siphons
47:46 Careening
47:27 Guard Tower
47:48 Clinker Construction
47:42 Town Patrol
RumHam
7:18 Feudal Age
11:14 Castle Age
9:17 Double-Bit Axe
9:42 Horse Collar
15:26 Bow Saw
16:00 Loom
18:08 Wheelbarrow
23:57 Hand Cart
24:21 Ballistas
24:55 Fortified Wall
25:51 Ballistics
28:11 Imperial Age
26:44 Fletching
26:44 Town Watch
27:43 Scale Mail Armor
27:53 Forging
27:07 Pikeman
27:48 Squires
28:26 Masonry
28:31 Halberdier
29:43 Chain Mail Armor
30:27 Caravan
31:46 Iron Casting
32:36 Chemistry
34:18 Blast Furnace
36:02 Conscription
37:54 Heavy Scorpion
40:34 Siege Engineers
42:51 Man-at-Arms
43:53 Comitatenses
43:30 Long Swordsman
44:58 Heavy Plow
44:38 Legionary
45:53 Bodkin Arrow
Connection lost

Rejoining the realm…

Still unreachable

The connection could not be restored.

Session expired

The server has moved on; the page needs a fresh start.